 Dungeon Crawl Stone Soup version 0.31-a0-437-g7cee417757 (webtiles) character file.

Game seed: 5962035904208108015

8325 Ethylacetat the Martial Artist (level 11, -18/58 HPs)
             Began as a Vine Stalker Monk on Aug 2, 2023.
             Was a High Priest of Kikubaaqudgha.
             Demolished by a large abomination (28 damage)
             ... on level 2 of the Abyss.
             The game lasted 00:26:13 (8307 turns).

Ethylacetat the Martial Artist (Vine Stalker Monk)  Turns: 8307, Time: 00:26:13

Health: -18/58     AC: 10    Str: 13    XL:     11   Next: 29%
Magic:  0/22       EV: 12    Int: 10    God:    Kikubaaqudgha [*****.]
Gold:   758        SH:  6    Dex: 22    Spells: 21/24 levels left

rFire   . . .        C - +7 scimitar
rCold   . . .        z - +0 buckler
rNeg    . . .        F - +0 acid dragon scales
rPois   .            (no helmet)
rElec   .            (no cloak)
rCorr   +            (no gloves)
SInv    .            (no boots)
Will    +....        k - amulet of magic regeneration
Stlth   +            f - +4 ring of protection
HPRegen 1.09/turn    (no ring)
MPRegen 0.58/turn

%: guardian spirit
@: no status effects
A: fangs 3, regeneration 1, magic shield, antimagic bite, no potion heal 2
a: Renounce Religion, Unearth Wretches, Torment


You were on level 2 of the Abyss.
You worshipped Kikubaaqudgha.
Kikubaaqudgha was extremely pleased with you.
You visited 1 branch of the dungeon, and saw 11 of its levels.
You visited the Abyss 1 time.

You collected 758 gold pieces.

Inventory:

Hand Weapons
 w - the +3 long sword "Undertaker" {drain, rN+ Dex+3}
   (You found it on level 4 of the Dungeon)

   Dex:       It affects your dexterity (+3).
   rN:        It protects you from negative energy.
 C - a +7 scimitar (weapon)
Missiles
 i - 2 curare-tipped darts
 s - 49 poisoned darts
Armour
 c - an orb of light
 u - +0 steam dragon scales
 z - a +0 buckler (worn)
 F - +0 acid dragon scales (worn)
 G - the +0 ring mail "Qaarizotz" {rC+ rN++ Will-}
   (You found it on level 10 of the Dungeon)

   rC:        It protects you from cold.
   rN:        It greatly protects you from negative energy.
   Will:      It decreases your willpower.
Jewellery
 b - a ring of willpower
 f - a +4 ring of protection (left hand)
 k - an amulet of magic regeneration (around neck)
Wands
 a - a wand of paralysis (8)
 o - a wand of iceblast (21)
 q - a wand of flame (57)
Scrolls
 d - 13 scrolls of identify {unknown}
 h - 5 scrolls of teleportation {unknown}
 j - 3 scrolls of fog {unknown}
 l - 9 scrolls of enchant weapon {unknown}
 m - 3 scrolls of amnesia {unknown}
 n - 2 scrolls of butterflies {unknown}
 p - a scroll of torment {unknown}
 r - 2 scrolls of enchant armour {unknown}
 v - 2 scrolls of immolation {unknown}
 y - 2 scrolls of revelation {unknown}
 B - 4 scrolls of vulnerability {unknown}
 D - 2 scrolls of poison {unknown}
 E - a scroll of fear {unknown}
 K - 2 scrolls of blinking {unknown}
Potions
 e - 3 potions of curing
 g - a potion of brilliance
 t - a potion of mutation {unknown}
 x - a potion of attraction {unknown}
 A - a potion of berserk rage {unknown}
 H - a potion of lignification
 I - a potion of magic {unknown}
 J - a potion of haste {unknown}


   Skills:
 + Level 7.4 Fighting
 + Level 2.0 Armour
 - Level 2.5 Dodging
 - Level 4.0 Shields
 * Level 11.0 Unarmed Combat
 + Level 7.1 Spellcasting
 + Level 6.7 Necromancy


You had 21 spell levels left.
You knew the following spells:

 Your Spells              Type           Power      Damage    Failure   Level
a - Vampiric Draining     Necr           17%        2d7       7%          3

Your spell library contained the following spells:

 Spells                   Type           Power      Damage    Failure   Level
 Necrotise                Necr           68%        1d7       2%          1
 Sublimation of Blood     Necr           17%        N/A       3%          2
 Animate Dead             Necr           17%        N/A       22%         4
 Agony                    Necr           17%        N/A       54%         5
 Anguish                  Hex/Necr       5%         N/A       65%         4
 Dazzling Flash           Conj/Hex       6%         N/A       73%         3
 Tukima's Dance           Hex            3%         N/A       73%         3
 Borgnjor's Vile Clutch   Necr/Erth      5%         N/A       94%         5
 Passage of Golubria      Tloc           3%         N/A       98%         4
 Death Channel            Necr           8%         N/A       98%         6
 Silence                  Hex/Air        1%         N/A       100%        5
 Yara's Violent Unravell  Hex/Tmut       1%         3d3       100%        5


Dungeon Overview and Level Annotations

Branches:
Dungeon (11/15)            Temple (0/1) D:6            Lair (0/5) D:9
    Orc (0/2) D:9

Altars:
Ashenzari
Cheibriados
Elyvilon
Gozag
Hepliaklqana
Kikubaaqudgha
Makhleb
Okawaru
Sif Muna
Uskayaw
Wu Jian
Xom


Innate Abilities, Weirdness & Mutations

You have razor-sharp teeth.
Your natural rate of healing is unusually fast.
When hurt, damage is shared between your health and your magic reserves.
Your bite disrupts and absorbs the magic of your enemies.
Potions cannot restore your health.


Message History

Okay, then.
Press: ? - help, v - describe, . - travel
Here: a large abomination The floor.
Kikubaaqudgha calls piteous wretches from the earth!
Unknown command.
The large abomination completely misses you.
The large abomination attacks as you move away!
The large abomination hits you!!
A nearby deep troll perishes wretchedly.
A nearby tengu reaver perishes wretchedly.
You slash the large abomination!
You bite the large abomination, but do no damage.
The large abomination is lightly damaged.
The large abomination hits you but does no damage.
The large abomination closely misses you.
Unknown command.
You slash the large abomination! You bite the large abomination!
You drain its power.
You feel invigorated.
The large abomination is heavily damaged.
You block the large abomination's attack.
The large abomination hits you!!
You hit the large abomination.
The large abomination is heavily damaged.
The large abomination completely misses you.
You hit the large abomination but do no damage.
The large abomination is heavily damaged.
The large abomination hits you!!
* * * LOW HITPOINT WARNING * * *
The large abomination misses you.
Casting: Vampiric Draining (dangerous; 7% risk of failure)
Confirm with . or Enter, or press ? or * to list all spells.
You can't see any susceptible monsters within range! (Use Z to cast anyway.) Unknown command.
You hit the large abomination but do no damage.
You bite the large abomination, but do no damage.
The large abomination is heavily damaged.
The large abomination hits you!!
You die...
Kikubaaqudgha rasps: "You have failed me!
Welcome... death!"

.. . .# .
.#.### .#.#. .
## #.~ .
##..#... ###
#...#.#.##..# .
....~~~†@..# .#
#.#.~.X.##.#.##
##
#...~♣.#†.##≈~
##. #
..#~~~...#~.~~.
. .. #~#.#≈.~##
~ . ...###.##..
.# ...
....##..# ..##
######.#######
. . .. .
....... . .


You could see a large abomination.

Vanquished Creatures
  Joseph (D:7)
  A komodo dragon (D:10)
  A troll (D:10)
  A wraith (D:11)
  19 yaks
  A wyvern (D:8)
  A basilisk (D:11)
  A steam dragon (D:8)
  Menkaure (D:7)
  An acid dragon (D:9)
  4 orc warriors
  2 black bears
  3 sky beasts
  3 ogres
  2 centaurs
  7 kobold brigands
  2 bullfrogs
  12 wights
  A gnoll sergeant (D:8)
  8 killer bees
  2 howler monkeys (D:7)
  7 orc priests
  3 hounds
  3 jellies
  3 iguanas
  10 orc wizards
  A mummy (D:7)
  9 gnolls
  10 adders
  A shadow imp (D:5)
  A white imp (D:7)
  2 ufetubi (D:5)
  5 dart slugs
  43 orcs
  3 bats
  4 endoplasms
  A giant cockroach (D:4)
  10 goblins
  10 hobgoblins
  3 jackals (D:4)
  2 quokkas
  7 ball pythons
  3 frilled lizards
  38 kobolds
  2 kobold zombies (D:7)
  2 orc zombies (D:7)
  7 rats
264 creatures vanquished.

Vanquished Creatures (others)
  A tengu reaver (Abyss:2)
  A deep troll (Abyss:2)
  An adder (D:3)
3 creatures vanquished.

Grand Total: 267 creatures vanquished

Notes
Turn   | Place    | Note
-------+----------+-------------------------------------------
     0 | D:1      | Ethylacetat the Vine Stalker Monk began the quest for the
                  | Orb.
     0 | D:1      | Reached XP level 1. HP: 11/11 MP: 2/2
   180 | D:1      | Reached XP level 2. HP: 12/16 MP: 3/3
   805 | D:2      | Reached XP level 3. HP: 20/20 MP: 4/4
  1354 | D:3      | Reached skill level 1 in Spellcasting
  1365 | D:3      | Reached skill level 4 in Unarmed Combat
  1365 | D:3      | Gained mutation: Your natural rate of healing is unusually
                  | fast. [Vine Stalker growth]
  1365 | D:3      | Reached XP level 4. HP: 22/24 MP: 5/7
  1541 | D:3      | Found a faded altar of an unknown god.
  1549 | D:3      | Reached XP level 5. HP: 28/28 MP: 8/8
  1581 | D:3      | Prayed at the altar of an unknown god.
  1581 | D:3      | Became a worshipper of Kikubaaqudgha
  1581 | D:3      | Reached * piety under Kikubaaqudgha
  1581 | D:3      | Received a gift from Kikubaaqudgha
  1581 | D:3      | Reached ** piety under Kikubaaqudgha
  1586 | D:3      | Learned a level 3 spell: Vampiric Draining
  1624 | D:3      | Noticed a black bear
  1638 | D:3      | Killed a black bear
  1639 | D:3      | Reached skill level 1 in Necromancy
  1639 | D:3      | Reached XP level 6. HP: 22/33 MP: 7/10
  1641 | D:3      | Reached skill level 5 in Unarmed Combat
  1846 | D:3      | Found a hazy altar of Hepliaklqana.
  2221 | D:4      | Identified the +3 long sword "Undertaker" {drain, rN+
                  | Dex+3}
  2779 | D:5      | Entered Level 5 of the Dungeon
  2869 | D:5      | Reached XP level 7. HP: 33/37 MP: 12/12
  2878 | D:5      | Reached *** piety under Kikubaaqudgha
  2878 | D:5      | Received a gift from Kikubaaqudgha
  2939 | D:5      | Reached skill level 6 in Unarmed Combat
  3180 | D:5      | Found a broken altar of Ashenzari.
  3273 | D:6      | Found a staircase to the Ecumenical Temple.
  3345 | D:6      | Found a shimmering blue altar of Sif Muna.
  3363 | D:6      | Gained mutation: You have razor-sharp teeth. [Vine Stalker
                  | growth]
  3363 | D:6      | Reached XP level 8. HP: 41/42 MP: 14/14
  3596 | D:6      | Noticed a yak
  3596 | D:6      | Noticed a yak
  3596 | D:6      | Noticed a yak
  3598 | D:6      | Noticed a yak
  3599 | D:6      | Noticed a yak
  3603 | D:6      | Killed a yak
  3603 | D:6      | Noticed a yak
  3604 | D:6      | Reached skill level 1 in Shields
  3608 | D:6      | Killed a yak
  3615 | D:6      | Killed a yak
  3616 | D:6      | Reached skill level 7 in Unarmed Combat
  3618 | D:6      | Killed a yak
  3619 | D:6      | Reached skill level 5 in Fighting
  3625 | D:6      | Killed a yak
  3626 | D:6      | Killed a yak
  3627 | D:6      | Reached XP level 9. HP: 43/47 MP: 16/16
  3800 | D:6      | Found a hide-covered altar of Uskayaw.
  3842 | D:6      | Found an iron altar of Okawaru.
  4056 | D:7      | Reached skill level 8 in Unarmed Combat
  4179 | D:7      | Reached **** piety under Kikubaaqudgha
  4275 | D:7      | Reached skill level 5 in Spellcasting
  4353 | D:7      | Noticed Menkaure
  4359 | D:7      | Killed Menkaure
  4456 | D:7      | Found a shimmering altar of Xom.
  4531 | D:7      | Found an ornate altar of the Wu Jian Council.
  4728 | D:7      | Noticed Joseph
  4754 | D:7      | Killed Joseph
  4755 | D:7      | Reached skill level 5 in Necromancy
  4863 | D:8      | Reached skill level 9 in Unarmed Combat
  4868 | D:8      | Reached XP level 10. HP: 39/53 MP: 16/19
  6170 | D:9      | Reached ***** piety under Kikubaaqudgha
  6253 | D:9      | Found a burning altar of Makhleb.
  6268 | D:9      | Reached skill level 10 in Unarmed Combat
  6390 | D:9      | Found a staircase to the Orcish Mines.
  6400 | D:9      | Found a staircase to the Lair.
  6778 | D:9      | Found a white marble altar of Elyvilon.
  7180 | D:10     | Entered Level 10 of the Dungeon
  7190 | D:10     | Found a snail-covered altar of Cheibriados.
  7302 | D:10     | Identified the +0 ring mail "Qaarizotz" {rC+ rN++ Will-}
  7384 | D:10     | Reached skill level 1 in Armour
  7384 | D:10     | Reached XP level 11. HP: 50/58 MP: 18/22
  7495 | D:10     | Found an opulent altar of Gozag.
  7573 | D:10     | Found an ancient bone altar of Kikubaaqudgha.
  8145 | D:11     | Reached skill level 11 in Unarmed Combat
  8183 | D:11     | Noticed a skeletal warrior
  8205 | D:11     | Noticed a skeletal warrior
  8260 | D:11     | Noticed a wizard
  8265 | D:11     | Noticed a wizard
  8276 | Abyss:2  | Cast into level 2 of the Abyss (a wizard)
  8296 | Abyss:2  | Noticed a large abomination
  8307 | Abyss:2  | Demolished by a large abomination

Illustrated notes

Levels and vault maps discovered:
D:1:      beargit_arrival_diablo_church, layout_basic, minmay_shallow_snake_nest
D:2:      layout_rooms
D:3:      kennysheep_big_flooded_room, layout_basic,
          nicolae_hepliaklqana_hippocampus, hellmonk_ecumenical_altar_lost_god,
          kennysheep_small_spiral, minmay_misc_feat_doors
D:4:      wad_river_or_something, layout_basic
D:5:      cheibrodos_quashed, layout_rooms, nicolae_overflow_crystal_walls
D:6:      layout_basic, kennysheep_mini, okawaru_altar_gauntlet_db,
          nicolae_sif_muna_little_library, minmay_temple_entry_large_hall,
          roderic_lattice_a, kennysheep_decorative_pillar,
          dreamdust_mushroom_princess
D:7:      layout_basic, lemuel_round_altar, mainiacjoe_overflow_paths,
          serial_rivers, chequers_serial_rivers_large_b,
          chequers_serial_rivers_marsh, chequers_serial_rivers_micro_b,
          chequers_serial_rivers_small_a, minmay_mini_ossuary, uniq_menkaure,
          uniq_joseph
D:8:      layout_layer_cave
D:9:      layout_loops_corners, mainiacjoe_overflow_six_doors_small,
          bloody_makhleb, lair_entry_dummy, hiddenorc1_lemuel
D:10:     layout_roguey, lemuel_doored_altar, kennysheep_slug_shrine,
          nicolae_gozag_cash_rules_everything_around_me
D:11:     minmay_smoke_and_mirrors, layout_basic, serial_shops,
          nicolae_shop_bloodbath_and_beyond
Abyss:2:  base:
D:11

Skill      XL: |  1  2  3  4  5  6  7  8  9 10 11 |
---------------+----------------------------------+-----
Fighting       | 3 4 5 6 7 |  7.4
Spellcasting   | 1 2 3 4 5 6 7 |  7.1
Unarmed Combat | 4 5 6 7 9 10 11 | 11.0
Necromancy     | 1 2 4 5 6 |  6.7
Shields        | 2 3 4 |  4.0
Armour         | 1 2 |  2.0
Dodging        | |  2.5

Action                     |  1- 3 |  4- 6 |  7- 9 | 10-12 || total
---------------------------+-------+-------+-------+-------++-------
  Melee: Unarmed           |    82 |    89 |       |       ||   171
         Bite              |    14 |    49 |    62 |    99 ||   224
         Long sword        |       |    22 |   124 |       ||   146
         Scimitar          |       |       |    60 |   310 ||   370
  Throw: Dart              |       |       |    10 |     9 ||    19
   Cast: Vampiric Draining |       |       |       |    25 ||    25
 Invoke: Unearth Wretches  |       |     1 |       |     1 ||     2
  Evoke: Wand              |       |       |       |     2 ||     2
    Use: Potion            |       |       |     5 |       ||     5
   Stab: Sleeping          |       |       |     1 |       ||     1
 Armour: Robe              |    17 |    37 |    45 |     5 ||   104
         Skin              |       |       |    15 |       ||    15
         Steam dragon scal |       |       |       |    65 ||    65
         Acid dragon scale |       |       |       |    62 ||    62
  Dodge: Dodged            |    59 |    93 |   119 |   221 ||   492
  Block: Buckler           |       |       |    11 |   102 ||   113

Table legend: (Time is in decaauts)
 A = Elapsed time spent in this place.
 B = Non-inter-level travel time spent in this place.
 C = Inter-level travel time spent in this place.
 D = Time resting spent in this place.
 E = Time spent auto-exploring this place.
 F = Levels seen in this place.
 G = Mean time per level.
                   A        B        C        D        E       F      G
               +--------+--------+--------+--------+--------+-----+--------+
         Total |   8569 |   8260 |    309 |     30 |   6413 |  12 |  714.1 |
       Dungeon |   8536 |   8227 |    309 |     30 |   6413 |  11 |  776.0 |
         Abyss |     33 |     33 |      0 |      0 |      0 |   1 |   33.0 |
               +--------+--------+--------+--------+--------+-----+--------+

Top non-repeatable levels by time:
     D:8: 1313 daAuts
     D:9: 1089 daAuts
    D:10: 960 daAuts
     D:7: 908 daAuts
     D:3: 886 daAuts
     D:6: 781 daAuts
     D:4: 772 daAuts
     D:1: 657 daAuts
     D:5: 491 daAuts
     D:2: 458 daAuts
    D:11: 215 daAuts
 Abyss:2: 33 daAuts
